 Dungeon Sprint DCSS version 0.24.0-125-gc4c63601f3 (webtiles) character file.

Game seed: 14975229736657378461, levelgen mode: deterministic

893 Ponchio the Eclecticist (level 10, -16/50 HPs)
             Began as a Deep Elf Fire Elementalist on Mar 12, 2020.
             Was a High Priest of Vehumet.
             Killed from afar by Erica (36 damage)
             ... with a bolt of poison
             ... in the Dungeon (Sprint VI: "Thunderdome").
             The game lasted 00:21:14 (1256 turns).

Ponchio the Eclecticist (DEFE)                      Turns: 1256, Time: 00:21:16

Health: -16/50     AC:  2    Str:  5    XL:     10   Next: 77%
Magic:  6/32       EV: 13    Int: 24    God:    Vehumet [*****.]
Gold:   168        SH:  0    Dex: 15    Spells: 22/42 levels left

rFire    . . .     SeeInvis .   (no weapon)
rCold    . . .     Gourm    .   (no shield)
rNeg     . . .     Faith    .   a - +0 robe
rPois    .         Spirit   .   (no helmet)
rElec    .         Reflect  .   (no cloak)
rCorr    .         Harm     .   (no gloves)
MR       +....     NoTele   +   (no boots)
Stlth    ++........             (no amulet)
HPRegen  0.16/turn              (no ring)
MPRegen  0.23/turn              (no ring)

@: lethally poisoned (-16 -> -29)
A: no striking features
}: 1/15 runes: serpentine
a: Renounce Religion


You were in the Dungeon.
You worshipped Vehumet.
Vehumet was extremely pleased with you.
You were not hungry.

You visited 1 branch You collected 1240 gold pieces.
You spent 1072 gold pieces at shops.

Inventory:

Armour
 a - a +0 robe (worn)
Wands
 k - a wand of iceblast (3)
Scrolls
 i - 3 scrolls of blinking
 l - 3 scrolls of fog
Potions
 b - a potion of resistance
 d - a potion of curing
 e - 4 potions of heal wounds
 f - 4 potions of haste
 h - a potion of berserk rage


   Skills:
 - Level 2.4 Dodging
 - Level 2.4 Stealth
 + Level 16.9 Spellcasting
 + Level 14.5 Conjurations
 + Level 14.8 Fire Magic


You had 22 spell levels left.
You knew the following spells:

 Your Spells              Type           Power        Failure   Level  Hunger
a - Flame Tongue          Conj/Fire      #####        0%          1    None
b - Fireball              Conj/Fire      ######....   1%          5    None
c - Bolt of Magma         Conj/Fire/Erth ######....   1%          5    None
d - Fire Storm            Conj/Fire      ######....   82%         9    #######

Your spell library contained the following spells:

 Spells                   Type           Power        Failure   Level  Hunger
 Iskenderun's Mystic Bla  Conj           ######..     1%          4    None
 Throw Flame              Conj/Fire      ######       0%          2    None
 Conjure Flame            Conj/Fire      ######..     0%          3    None
 Inner Flame              Hex/Fire       ######..     1%          3    None
 Sticky Flame             Conj/Fire      ######..     1%          4    None
 Poison Arrow             Conj/Pois      ######....   5%          6    ####...
 Chain Lightning          Conj/Air       ######....   88%         8    #######
 Lehudib's Crystal Spear  Conj/Erth      ######....   88%         8    #######
 Glaciate                 Conj/Ice       ######....   100%        9    #######


Dungeon Overview and Level Annotations

Branches:
Dungeon (1/1)

Altars:
Cheibriados
Dithmenos
Fedhas
Gozag
Kikubaaqudgha
Makhleb
Okawaru
Qazlal
Ru
Sif Muna
Trog
Uskayaw
Vehumet
Wu Jian
Xom
Yredelemnul
Zin
The Shining One
Beogh
Jiyva
Lugonu

Shops:
D *[%??*?*:[((!!!!

Annotations:
D Erica


Message History

Erica screams, "Hurry, death AWAITS you!"
Casting: Fireball (safe; 1% risk of failure)
Confirm with . or Enter, or press ? or * to list all spells.
Aiming: Fireball (safe; 1% risk of failure)
Press: ? - help, Shift-Dir - straight line, f - Erica
Aim: Erica, wielding a +4 scimitar of flaming and wearing a +0 robe (moderately wounded)
The fireball explodes!
The fireball engulfs Erica!
Erica is heavily wounded.
Casting: Fireball (safe; 1% risk of failure)
Confirm with . or Enter, or press ? or * to list all spells.
Aiming: Fireball (safe; 1% risk of failure)
Press: ? - help, Shift-Dir - straight line, f/p - Erica
Aim: Erica, wielding a +4 scimitar of flaming and wearing a +0 robe (heavily wounded)
The fireball explodes!
The fireball engulfs Erica!
Erica is severely wounded.
Erica points at you and mumbles some strange words.
The bolt of poison hits you!!!
You are poisoned.
Ouch! That really hurt!
You die...

##.....## ##∩.....∩##
#∩.......∩# #_...@..._#
#....)..._# #_......._#
###.........### #⌠...........§#
######.8..@......8.######
##∩___......###......___∩##
###∩........8.# #.8.(......∩##
##.............###.............
#⌠..........###...###..........
#⌠..........# #.<.# #..........
#⌠..........###...###..........
##........(....###.....[.......
###∩........8.# #.8..[.....∩##


You could see Erica.

Vanquished Creatures
  An anaconda (D)
  A mummy priest (D)
  A rust devil (D)
  A troll (D)
  2 guardian mummies (D)
  4 orc warriors (D)
  A bullfrog (D)
  An iron imp (D)
  An orc priest (D)
  An orc wizard (D)
  4 mummies (D)
  6 adders (D)
  8 kobolds (D)
  5 ball pythons (D)
37 creatures vanquished.

Notes
Turn   | Place    | Note
-------+----------+-------------------------------------------
     0 | D        | Ponchio the Deep Elf Fire Elementalist began the quest for
                  | the Orb.
     0 | D        | Reached XP level 1. HP: 10/10 MP: 6/6
     3 | D        | Found a shadowy altar of Dithmenos.
     3 | D        | Found a stormy altar of Qazlal.
     4 | D        | Found a viscous altar of Jiyva.
     4 | D        | Found a roughly hewn altar of Beogh.
     5 | D        | Found an iron altar of Okawaru.
     5 | D        | Found a snail-covered altar of Cheibriados.
     5 | D        | Round 1.
     6 | D        | Found a shimmering blue altar of Sif Muna.
     6 | D        | Found Afua's Staff Store.
     6 | D        | Found Unummuuf's Magic Scroll Shop.
     7 | D        | Found Lianusexu's Must-Have Magic.
     7 | D        | Found Rolov's Magic Scroll Shop.
    10 | D        | Found a shimmering altar of Xom.
    11 | D        | Found a sacrificial altar of Ru.
    12 | D        | Found a corrupted altar of Lugonu.
    13 | D        | Found Udixap's Delicious Food.
    13 | D        | Found a hide-covered altar of Uskayaw.
    13 | D        | Found a burning altar of Makhleb.
    13 | D        | Found Vowonaq's Identification Station.
    15 | D        | Found Muxt's Jewellery.
    15 | D        | Found Saijad's Advanced Armour.
    17 | D        | Found a glowing golden altar of the Shining One.
    18 | D        | Found a basalt altar of Yredelemnul.
    20 | D        | Found a bloodstained altar of Trog.
    20 | D        | Found an ornate altar of the Wu Jian Council.
    20 | D        | Found an opulent altar of Gozag.
    20 | D        | Found Oxetimn's Premium Goods.
    20 | D        | Found Peij's Weapon Rack.
    26 | D        | Reached skill level 4 in Spellcasting
    26 | D        | Reached XP level 2. HP: 11/15 MP: 0/9
    27 | D        | Found Edilesup's Miscellaneous Merchandise.
    27 | D        | Found Soleb's Basic Armour.
    30 | D        | Found a glowing silver altar of Zin.
    31 | D        | Found an ancient bone altar of Kikubaaqudgha.
    32 | D        | Found a radiant altar of Vehumet.
    33 | D        | Found Fughueg's Do-It-Yourself Clinic.
    34 | D        | Found Turhaadd's Bottled Wisdom.
    34 | D        | Found Nist's Distillery.
    40 | D        | Became a worshipper of Vehumet
    41 | D        | Found a blossoming altar of Fedhas.
    41 | D        | Found Qatefisch's Distillery.
    73 | D        | Reached skill level 5 in Spellcasting
    83 | D        | Reached * piety under Vehumet
    83 | D        | Offered knowledge of Shock by Vehumet.
    83 | D        | Reached skill level 5 in Fire Magic
    83 | D        | Reached XP level 3. HP: 12/19 MP: 1/11
   140 | D        | Arena points: 12 (+12) [x2]
   206 | D        | Round 2.
   217 | D        | Reached skill level 6 in Spellcasting
   219 | D        | Reached ** piety under Vehumet
   282 | D        | Offered knowledge of Magic Dart by Vehumet.
   304 | D        | Reached *** piety under Vehumet
   304 | D        | Arena points: 54 (+42) [x3]
   348 | D        | Round 3.
   374 | D        | Reached skill level 7 in Spellcasting
   374 | D        | Reached skill level 5 in Conjurations
   374 | D        | Reached XP level 4. HP: 24/24 MP: 13/15
   380 | D        | Noticed a rust devil
   384 | D        | Killed a rust devil
   384 | D        | Reached skill level 11 in Spellcasting
   384 | D        | Reached XP level 5. HP: 28/28 MP: 14/20
   384 | D        | Reached XP level 6. HP: 32/32 MP: 15/22
   391 | D        | Learned a level 5 spell: Fireball
   441 | D        | Noticed a rust devil
   443 | D        | Noticed a rust devil
   467 | D        | Arena points: 63 (+9) [x1]
   482 | D        | Round 4.
   486 | D        | Noticed a troll
   486 | D        | Noticed an orc warrior
   488 | D        | Killed a troll
   488 | D        | Offered knowledge of Mephitic Cloud by Vehumet.
   488 | D        | Reached skill level 10 in Conjurations
   488 | D        | Reached skill level 10 in Fire Magic
   488 | D        | Reached XP level 7. HP: 36/36 MP: 13/24
   490 | D        | Reached **** piety under Vehumet
   490 | D        | Reached skill level 12 in Spellcasting
   572 | D        | Bought a potion of experience for 300 gold pieces
   572 | D        | Reached skill level 13 in Spellcasting
   572 | D        | Reached XP level 8. HP: 41/41 MP: 24/27
   603 | D        | Arena points: 127 (+64) [x2]
   603 | D        | Reached skill level 14 in Spellcasting
   671 | D        | Round 5.
   682 | D        | Noticed a giant anaconda
   691 | D        | Killed a giant anaconda
   691 | D        | Offered knowledge of Static Discharge by Vehumet.
   691 | D        | Arena points: 287 (+160) [x4]
   691 | D        | Reached skill level 15 in Spellcasting
   691 | D        | Reached XP level 9. HP: 31/45 MP: 27/30
   694 | D        | Got a serpentine rune of Zot
   695 | D        | Reached XP level 10. HP: 35/50 MP: 28/31
   696 | D        | Got a pitted lajatang
   697 | D        | Identified the +11 lajatang "Taihut" {drain, *Drain Str+6
                  | Int-3 Dex+8} (You found it in the Dungeon)
   867 | D        | Round 6.
   872 | D        | Offered knowledge of Bolt of Magma by Vehumet.
   879 | D        | Learned a level 5 spell: Bolt of Magma
   885 | D        | Reached ***** piety under Vehumet
   885 | D        | Offered knowledge of Yara's Violent Unravelling by Vehumet.
   978 | D        | Arena points: 557 (+270) [x5]
  1041 | D        | Round 7.
  1067 | D        | Reached skill level 16 in Spellcasting
  1166 | D        | Offered knowledge of Iskenderun's Mystic Blast by Vehumet.
  1182 | D        | Noticed a mummy priest
  1187 | D        | Killed a mummy priest
  1187 | D        | Arena points: 893 (+336) [x6]
  1197 | D        | Bought a book of Annihilations for 772 gold pieces
  1207 | D        | Learned a level 9 spell: Fire Storm
  1240 | D        | Round 8.
  1253 | D        | Noticed Erica
  1256 | D        | Killed from afar by Erica

Levels and vault maps discovered:
D:        arena_sprint

Skill      XL: |  1  2  3  4  5  6  7  8  9 10 |
---------------+-------------------------------+-----
Spellcasting   | 4 5 7 11 13 15 16 | 16.9
Conjurations   | 2 3 5 9 10 11 13 14 | 14.5
Fire Magic     | 4 5 6 9 10 11 13 14 | 14.8
Dodging        | |  2.4
Stealth        | |  2.4

Action                   |  1- 3 |  4- 6 |  7- 9 | 10-12 || total
-------------------------+-------+-------+-------+-------++-------
 Cast: Flame Tongue      |    25 |       |       |       ||    25
       Fireball          |       |     1 |    17 |    24 ||    42
Evoke: Wand              |     1 |     4 |       |     2 ||     7
  Use: Potion            |       |       |     4 |       ||     4
       Scroll            |       |       |     1 |       ||     1
  Eat: Ration            |       |       |       |     1 ||     1
       Chunk             |       |       |       |     1 ||     1
Armor: Robe              |     1 |       |       |       ||     1
Dodge: Dodged            |     6 |       |       |       ||     6
